[Event "Titled Tuesday Blitz November 22 Late 2022"]
[White "Araujo Sanchez, Josue"]
[Black "Kravtsiv, Martyn"]
[WhiteFideId "6416896"]
[BlackFideId "14113147"]
[WhiteElo "2370"]
[BlackElo "2694"]
[Result "1-0"]
[Round "06"]
[TimeControl "180+1"]
[Date "2022.11.22"]
[WhiteClock "0:00:10"]
[BlackClock "0:00:06"]

1. c4 e6 2. Nf3 d5 3. e3 Nf6 4. b3 c5 5. cxd5 exd5 6. Bb5+ Bd7 7. Bxd7+ Nbxd7 8. O-O Rc8 9. Bb2 Be7 10. Nc3 O-O 11. d4 c4 12. bxc4 Rxc4 13. Nd2 Rc6 14. Qb3 Nb6 15. Rac1 Qd7 16. Ne2 h6 17. Rxc6 bxc6 18. Ba3 Rb8 19. Bxe7 Qxe7 20. Rc1 Qd6 21. Qc2 Ng4 22. Nf3 Nc4 23. h3 Rb2 24. Qd1 Nf6 25. Rc2 Qb4 26. Rxb2 Qxb2 27. a4 Ne4 28. Ne1 Qa3 29. Nd3 Nb2 30. Nxb2 Qxb2 31. f3 Nd2 32. Qc1 Nxf3+ 33. Kf2 Qxc1 34. Nxc1 Nd2 35. Nd3 Nc4 36. Nb4 Na5 37. Kf3 Kf8 38. e4 dxe4+ 39. Kxe4 Ke7 40. Ke5 Nc4+ 41. Ke4 Kd6 42. Nd3 g6 43. g4 Nb6 44. a5 Nd5 45. Ne5 f5+ 46. gxf5 Nf6+ 47. Kf4 g5+ 48. Ke3 Kd5 49. Ng4 Ng8 50. Kd3 h5 51. Ne3+ Kd6 52. Nc4+ Kc7 53. Ne5 Nf6 54. Kc4 g4 55. hxg4 hxg4 56. Kd3 Kd6 57. Nc4+ Kd5 58. Ne3+ Kd6 59. Nc4+ Kc7 60. Ke3 c5 61. dxc5 Kc6 62. Ne5+ Kxc5 63. Kf4 Kb5 64. Nxg4 Nd5+ 65. Ke5 Ne7 66. f6 Ng6+ 67. Kf5 Nf8 68. f7 Kxa5 69. Kf6 Kb6 70. Ke7 Ng6+ 71. Kf6 Nf8 72. Ne5 a5 73. Ke7 Nh7 74. Nd7+ Kb5 75. Nf6 a4 76. Nxh7 a3 77. f8=Q 1-0


[Site "https://www.chess.com"]

[Event "Titled Tuesday Blitz November 22 Late 2022"]
[White "Arngrimsson, Dagur"]
[Black "Prem, Pranav"]
[WhiteFideId "2301288"]
[BlackFideId "30901057"]
[WhiteElo "2286"]
[BlackElo "1970"]
[Result "1-0"]
[Round "06"]
[TimeControl "180+1"]
[Date "2022.11.23"]
[WhiteClock "0:00:59"]
[BlackClock "0:00:01"]

1. e4 c5 2. Nf3 d6 3. d4 cxd4 4. Nxd4 Nf6 5. Nc3 a6 6. h3 e6 7. Nb3 Be7 8. a4 Nbd7 9. Be3 Qc7 10. Be2 O-O 11. Qd2 b6 12. O-O Bb7 13. Bf3 Rfd8 14. g4 Ne5 15. Bg2 d5 16. Bf4 dxe4 17. Qc1 Bd6 18. Bg5 Nf3+ 19. Bxf3 exf3 20. Re1 Rac8 21. Bxf6 gxf6 22. Ne4 Bf4 23. Nxf6+ Kf8 24. Qb1 Qxc2 25. Qxc2 Rxc2 26. Rad1 Rxd1 27. Rxd1 Rxb2 28. Nd4 Be5 29. Nd7+ Ke7 30. Nxe5 f6 31. Ndc6+ 1-0


[Site "https://www.chess.com"]

[Event "Titled Tuesday Blitz November 22 Late 2022"]
[White "Arnold, Ken"]
[Black "Gonzalez, Francisco Silva"]
[WhiteFideId "2056836"]
[BlackFideId "1512285"]
[WhiteElo "2357"]
[BlackElo "2159"]
[Result "1-0"]
[Round "06"]
[TimeControl "180+1"]
[Date "2022.11.23"]
[WhiteClock "0:01:23"]
[BlackClock "0:01:39"]

1. d4 Nf6 2. c4 e6 3. Nf3 d5 4. Nbd2 c5 5. cxd5 exd5 6. e3 Nc6 7. Bb5 a6 8. Bxc6+ bxc6 9. dxc5 Bxc5 10. Qc2 Qd6 11. O-O Bb6 12. Rd1 Bc7 13. Nf1 Bg4 14. b4 O-O 15. Bb2 Ne4 16. Rd4 Bb6 17. a3 Bxf3 18. gxf3 Qg6+ 19. Ng3 Nxg3 20. Qxg6 Ne2+ 21. Kf1 fxg6 22. Kxe2 Bxd4 23. Bxd4 a5 24. Bc5 Rfb8 25. Rc1 Rb5 26. Kd3 h6 27. f4 Kf7 28. Kd4 Re8 29. f3 axb4 30. Bxb4 Re6 31. e4 Ke8 32. e5 Kd7 33. h4 h5 34. Rg1 Kc7 35. f5 gxf5 36. Rxg7+ Kb6 37. Bd6 Rb3 38. Bc5+ Ka6 39. Ra7+ Kb5 40. a4# 1-0


[Site "https://www.chess.com"]

[Event "Titled Tuesday Blitz November 22 Late 2022"]
[White "Averjanov, Alexey"]
[Black "Khandelwal, Ankush"]
[WhiteFideId "14109867"]
[BlackFideId "413470"]
[WhiteElo "2605"]
[BlackElo "2271"]
[Result "0-1"]
[Round "06"]
[TimeControl "180+1"]
[Date "2022.11.23"]
[WhiteClock "0:01:26"]
[BlackClock "0:00:15"]

1. d4 Nf6 2. c4 g6 3. Nc3 Bg7 4. e4 d6 5. Be2 O-O 6. Nf3 Na6 7. O-O e5 8. Qc2 Nb4 9. Qb1 exd4 10. Nxd4 Qe7 11. Be3 Re8 12. f3 d5 13. a3 dxe4 14. axb4 exf3 15. Rxf3 Ng4 16. Nd5 Qe5 17. Nb5 Qxh2+ 18. Kf1 Rxe3 19. Rh3 Rxh3 20. Bxg4 Bxg4 21. Ne7+ Kf8 22. gxh3 Bxh3+ 23. Ke1 Re8 24. Kd1 Rxe7 25. Qd3 Bg4+ 26. Kc1 Re1+ 0-1


[Site "https://www.chess.com"]

[Event "Titled Tuesday Blitz November 22 Late 2022"]
[White "Bach, Matthias"]
[Black "Aung Thant Zin"]
[WhiteFideId "4603168"]
[BlackFideId "13000063"]
[WhiteElo "2165"]
[BlackElo "2278"]
[Result "1-0"]
[Round "06"]
[TimeControl "180+1"]
[Date "2022.11.23"]
[WhiteClock "0:00:33"]
[BlackClock "0:00:21"]

1. d4 Nf6 2. c4 e6 3. Nc3 Bb4 4. Bg5 c5 5. d5 exd5 6. cxd5 d6 7. e3 Nbd7 8. Bb5 O-O 9. Nf3 Qa5 10. Bxd7 Bxc3+ 11. bxc3 Qxc3+ 12. Nd2 Nxd7 13. O-O Qe5 14. Nf3 Qf5 15. Be7 Re8 16. Bxd6 Nb6 17. Bxc5 Nxd5 18. Bd4 Qh5 19. h3 Be6 20. Ne5 Qh6 21. Qf3 Rad8 22. e4 Nf6 23. Rfd1 Nd7 24. Ng4 Bxg4 25. Qxg4 Nf6 26. Bxf6 Qxf6 27. Rab1 Rxd1+ 28. Rxd1 h6 29. Qd7 Qc6 30. Qxc6 bxc6 31. f3 Rc8 32. Kf2 c5 33. Ke3 Rc7 34. Kd3 Kf8 35. Kc4 Ke7 36. Rd5 Ke6 37. Rxc5 Rxc5+ 38. Kxc5 Ke5 39. Kc6 Kf4 40. Kb7 Kg3 41. Kxa7 Kxg2 42. Kb7 Kxh3 43. a4 Kg3 44. a5 h5 45. a6 h4 46. a7 h3 47. a8=Q h2 48. Qa1 Kg2 49. Qxg7+ Kh3 50. Qxf7 1-0


[Site "https://www.chess.com"]

[Event "Titled Tuesday Blitz November 22 Late 2022"]
[White "Baltaci, Ismail Tarik"]
[Black "Ardila, Oscar Humberto"]
[WhiteFideId "6365213"]
[BlackFideId "4404742"]
[WhiteElo "2322"]
[BlackElo "1959"]
[Result "1-0"]
[Round "06"]
[TimeControl "180+1"]
[Date "2022.11.23"]
[WhiteClock "0:03:03"]
[BlackClock "0:02:07"]

1. e4 e5 2. Nc3 Nf6 3. g3 Nc6 4. Bg2 g6 5. Nge2 Bg7 6. O-O d6 7. d3 O-O 8. h3 h6 9. Kh2 Qe7 10. f4 exf4 11. Nxf4 Bd7 12. Be3 g5 13. Nfd5 Nxd5 14. Nxd5 Qd8 15. Qh5 Ne7 16. Nf6+ Bxf6 17. Rxf6 Ng6 18. Rxg6+ fxg6 19. Qxg6+ Kh8 20. Bd4+ 1-0


[Site "https://www.chess.com"]

[Event "Titled Tuesday Blitz November 22 Late 2022"]
[White "Barria Zuniga, Daniel"]
[Black "Toniutti, Ezio"]
[WhiteFideId "3400816"]
[BlackFideId "113034"]
[WhiteElo "2414"]
[BlackElo "2215"]
[Result "1/2-1/2"]
[Round "06"]
[TimeControl "180+1"]
[Date "2022.11.23"]
[WhiteClock "0:00:12"]
[BlackClock "0:00:06"]

1. d4 d5 2. c4 c6 3. Nf3 Nf6 4. Nc3 a6 5. h3 g6 6. cxd5 cxd5 7. Bf4 Bg7 8. e3 O-O 9. Be2 Nc6 10. O-O Bf5 11. Qb3 Na5 12. Qb4 b5 13. Rfc1 Rc8 14. a4 Nc6 15. Qb3 Na5 16. Qa3 Nc4 17. Qb4 Ne4 18. axb5 axb5 19. Nxb5 Qb6 20. b3 Ncd6 21. Bxd6 Nxd6 22. Rc5 Bd7 23. Qa5 Qxa5 24. Rxa5 Ne4 25. Rxc8 Rxc8 26. Ra7 Rc1+ 27. Kh2 Be6 28. Nc7 Bf6 29. Ra8+ Kg7 30. Ne8+ Kh6 31. Nxf6 exf6 32. b4 Nxf2 33. b5 Rh1+ 34. Kg3 Ne4+ 35. Kf4 g5+ 36. Nxg5 fxg5+ 37. Ke5 Re1 38. Bg4 Rxe3 39. Bxe6 fxe6 40. Kxe6 Nc3+ 41. Kd6 Nxb5+ 42. Kc5 Nc3 43. g4 Re6 44. Ra3 Re3 45. Ra6+ Kg7 46. Ra7+ Kf6 47. Ra6+ Re6 48. Ra3 Ne4+ 49. Kxd5 Nd2 50. Rd3 Nb1 51. Rb3 Nd2 52. Rd3 Nb1 53. Rb3 Nd2 54. Rd3 1/2-1/2


[Site "https://www.chess.com"]

[Event "Titled Tuesday Blitz November 22 Late 2022"]
[White "Baskakov, Egor"]
[Black "Sarana, Alexey"]
[WhiteFideId "24197866"]
[BlackFideId "24133795"]
[WhiteElo "2211"]
[BlackElo "2708"]
[Result "0-1"]
[Round "06"]
[TimeControl "180+1"]
[Date "2022.11.22"]
[WhiteClock "0:01:34"]
[BlackClock "0:00:43"]

1. e4 c5 2. Nf3 d6 3. d4 Nf6 4. Nc3 cxd4 5. Nxd4 a6 6. a4 Nc6 7. g3 g6 8. Nde2 Bg7 9. Bg2 O-O 10. O-O Rb8 11. h3 b5 12. axb5 axb5 13. Be3 b4 14. Nd5 Ne5 15. b3 Bb7 16. Ra7 Nc6 17. Ra4 Nd7 18. Nxb4 Nce5 19. Nd5 e6 20. Ndc3 Qe7 21. Qd2 Nc5 22. Rd4 Rfd8 23. Rd1 Bf8 24. Nb5 Bxe4 25. Nxd6 Bxg2 26. Kxg2 Rxd6 27. Rxd6 Qb7+ 28. Kf1 Qh1+ 29. Ng1 Ne4 30. Qd4 Nf3 31. Qxe4 Nh2+ 32. Ke2 Qxe4 33. Rd8 Rxd8 34. Rxd8 Qxc2+ 35. Bd2 Kg7 0-1


[Site "https://www.chess.com"]

[Event "Titled Tuesday Blitz November 22 Late 2022"]
[White "Bazzano, Sebastian"]
[Black "Roman, Rodrigo"]
[WhiteFideId "104566"]
[BlackFideId "3701220"]
[WhiteElo "2223"]
[BlackElo "1995"]
[Result "0-1"]
[Round "06"]
[TimeControl "180+1"]
[Date "2022.11.23"]
[WhiteClock "0:00:01"]
[BlackClock "0:01:00"]

1. d4 Nf6 2. Bf4 g6 3. Nc3 d5 4. e3 Bg7 5. h4 h5 6. Nf3 O-O 7. Ne5 c5 8. Be2 cxd4 9. exd4 Nc6 10. Qd2 Nd7 11. Nxd5 Ndxe5 12. dxe5 Bf5 13. O-O Bxe5 14. Bxe5 Nxe5 15. Rad1 Rc8 16. Ne3 Be6 17. Qxd8 Rfxd8 18. b3 Nc6 19. Bf3 b6 20. Bxc6 Rxd1 21. Rxd1 Rxc6 22. Rd8+ Kg7 23. c4 Rc8 24. Rxc8 Bxc8 25. Nd5 e6 26. Nc3 Bd7 27. f3 Kf6 28. Kf2 Ke5 29. Ke3 Kd6 30. Kd4 e5+ 31. Ke3 Bc6 32. g4 hxg4 33. fxg4 Bd7 34. h5 gxh5 35. gxh5 Bf5 36. Nb5+ Kc5 37. Nxa7 Bb1 38. a3 f5 39. Nc8 f4+ 40. Kf3 Kd4 41. Nxb6 Bc2 0-1


[Site "https://www.chess.com"]

[Event "Titled Tuesday Blitz November 22 Late 2022"]
[White "Bobadilla Viera, Jorge Samuel"]
[Black "Petrovic, Aleksa"]
[WhiteFideId "3906353"]
[BlackFideId "967629"]
[WhiteElo "2212"]
[BlackElo "2224"]
[Result "1/2-1/2"]
[Round "06"]
[TimeControl "180+1"]
[Date "2022.11.23"]
[WhiteClock "0:01:20"]
[BlackClock "0:00:20"]

1. e4 e6 2. d4 d5 3. Nd2 c5 4. Ngf3 Nc6 5. exd5 exd5 6. Bb5 Nf6 7. O-O Be7 8. dxc5 Bxc5 9. Nb3 Bb6 10. Re1+ Be6 11. Nbd4 O-O 12. Bg5 Nxd4 13. Nxd4 h6 14. Bh4 g5 15. Bg3 Ne4 16. c3 a6 17. Bd3 Bxd4 18. cxd4 Nxg3 19. hxg3 Qf6 20. Bc2 Rac8 21. Qd3 Rfd8 22. Rac1 Rc4 23. Rcd1 Rdc8 24. Bb3 R4c7 25. Re5 Rc1 26. Ree1 Rxd1 27. Qxd1 Kg7 28. Qd2 Bf5 29. Re5 Be6 30. Qe3 g4 31. Qd2 Rd8 32. Qc3 Rd7 33. Qd2 Rd8 34. Re1 Rc8 35. Re5 Rd8 1/2-1/2


[Site "https://www.chess.com"]

[Event "Titled Tuesday Blitz November 22 Late 2022"]
[White "Bortnyk, Olexandr"]
[Black "Gorodetzky, David"]
[WhiteFideId "14120828"]
[BlackFideId "2813416"]
[WhiteElo "2723"]
[BlackElo "2497"]
[Result "1-0"]
[Round "06"]
[TimeControl "180+1"]
[Date "2022.11.22"]
[WhiteClock "0:00:12"]
[BlackClock "0:00:17"]

1. d4 Nf6 2. Nc3 e6 3. e4 d5 4. Bg5 dxe4 5. Nxe4 Nbd7 6. Nf3 Be7 7. Bxf6 Nxf6 8. Bd3 c5 9. Qe2 cxd4 10. O-O-O Qa5 11. Kb1 O-O 12. h4 Rd8 13. h5 Nxe4 14. Qxe4 f5 15. Qe2 Bf6 16. g4 fxg4 17. Nd2 Qe5 18. Qxg4 Kh8 19. Rdg1 Bd7 20. Nf3 Qd5 21. Bxh7 Bc6 22. Bd3 Qxf3 23. Qg6 Kg8 24. h6 Rd7 25. Qh7+ Kf8 26. Qh8+ Ke7 27. Qxa8 gxh6 28. Rxh6 Qxf2 29. Rf1 1-0


[Site "https://www.chess.com"]

[Event "Titled Tuesday Blitz November 22 Late 2022"]
[White "Caruana, Fabiano"]
[Black "Firouzja, Alireza"]
[WhiteFideId "2020009"]
[BlackFideId "12573981"]
[WhiteElo "2847"]
[BlackElo "2903"]
[Result "0-1"]
[Round "06"]
[TimeControl "180+1"]
[Date "2022.11.22"]
[WhiteClock "0:00:03"]
[BlackClock "0:00:45"]

1. e4 g6 2. d4 Bg7 3. Nc3 d6 4. Be3 c6 5. h4 Nf6 6. f3 b5 7. Qd2 h5 8. Nh3 Bxh3 9. Rxh3 Nbd7 10. Be2 Qa5 11. Kf1 O-O 12. Kg1 e5 13. a3 Rfe8 14. Rd1 a6 15. Rg3 exd4 16. Bxd4 Qc7 17. Qf4 Ne5 18. Bf1 Rad8 19. Qe3 Rd7 20. Qf2 d5 21. Bb6 Qb8 22. exd5 cxd5 23. Bd4 Rde7 24. Rg5 Bh6 25. Bc5 Re6 26. Nxd5 Nxd5 27. Rxd5 Bxg5 28. hxg5 Nc6 29. Rd1 Qf4 30. Qd2 Qe5 31. Bb6 Qxb2 32. c4 Qxa3 33. cxb5 axb5 34. Bxb5 Qb3 35. Qd3 Re1+ 36. Rxe1 Rxe1+ 37. Kf2 Rb1 38. Qxb3 Rxb3 39. Bxc6 Rxb6 40. Be4 Rb2+ 41. Kg3 Re2 42. Ba8 Kg7 43. f4 Ra2 44. Bf3 Ra3 45. Kf2 h4 46. Be4 f6 47. gxf6+ Kxf6 48. Ke2 g5 49. fxg5+ Kxg5 50. Kf2 Kf4 51. Bd5 Rd3 52. Ba8 Rd2+ 53. Kf1 Kg3 0-1


[Site "https://www.chess.com"]

[Event "Titled Tuesday Blitz November 22 Late 2022"]
[White "Castillo Pena, Patricia Evarista"]
[Black "Stanisz, Patryk"]
[WhiteFideId "6412106"]
[BlackFideId "1123106"]
[WhiteElo "1919"]
[BlackElo "2069"]
[Result "0-1"]
[Round "06"]
[TimeControl "180+1"]
[Date "2022.11.23"]
[WhiteClock "0:00:11"]
[BlackClock "0:00:11"]

1. d4 d5 2. Nf3 Nf6 3. e3 c5 4. b3 Nc6 5. Bd3 Bg4 6. Bb2 e6 7. Nbd2 cxd4 8. exd4 Bd6 9. O-O O-O 10. a3 Rc8 11. Qb1 h6 12. Re1 Re8 13. Ne5 Bh5 14. c4 Bxe5 15. dxe5 Nd7 16. cxd5 exd5 17. f4 Qh4 18. g3 Qh3 19. Be2 Nc5 20. Qc2 b6 21. Bf1 Qe6 22. Bg2 Bg6 23. Qc3 Nd3 24. Re2 Ncb4 25. Qd4 Nc2 26. Qxd5 Nxa1 27. Qxe6 fxe6 28. Bd4 Rc1+ 29. Bf1 Nc2 30. Bf2 Nxf2 31. Kxf2 Nd4 32. Re3 Rc2 33. Ke1 Rd8 34. Nc4 Nf5 35. Re2 Rxe2+ 36. Bxe2 Nd4 37. Nd6 Nxb3 38. Bb5 Nd4 39. Ba4 Bd3 40. Kd2 Ba6 41. Ke3 Nf5+ 42. Nxf5 exf5 43. h3 Rd3+ 44. Ke2 Rxa3+ 0-1


[Site "https://www.chess.com"]

[Event "Titled Tuesday Blitz November 22 Late 2022"]
[White "Chigaev, Maksim"]
[Black "Sadhwani, Raunak"]
[WhiteFideId "4108116"]
[BlackFideId "35093487"]
[WhiteElo "2541"]
[BlackElo "2656"]
[Result "1-0"]
[Round "06"]
[TimeControl "180+1"]
[Date "2022.11.22"]
[WhiteClock "0:00:07"]
[BlackClock "0:00:04"]

1. c4 e5 2. Nc3 Nf6 3. Nf3 Nc6 4. d3 d5 5. cxd5 Nxd5 6. e4 Nf6 7. Be3 Bd6 8. Be2 O-O 9. O-O a6 10. Rc1 h6 11. h3 Re8 12. a3 Qe7 13. Re1 Be6 14. Nh2 Nd4 15. Bxd4 exd4 16. Nb1 c5 17. Nd2 Rac8 18. Ng4 Nd7 19. Bf1 h5 20. Nh2 g6 21. Nhf3 Bb8 22. h4 Bg4 23. g3 Ne5 24. Be2 Bxf3 25. Nxf3 b5 26. b3 Nxf3+ 27. Bxf3 c4 28. bxc4 bxc4 29. dxc4 Qxa3 30. Kg2 d3 31. Re3 Red8 32. e5 Ba7 33. Re4 Qb2 34. Kh3 Re8 35. Rb1 Qxf2 36. Rb7 Rcd8 37. Rf4 Rxe5 38. Bd5 Qd4 39. Rxd4 1-0


[Site "https://www.chess.com"]

[Event "Titled Tuesday Blitz November 22 Late 2022"]
[White "Curtis, John"]
[Black "Lopez Gracia, Fernando"]
[WhiteFideId "3200256"]
[BlackFideId "2207184"]
[WhiteElo "2203"]
[BlackElo "2458"]
[Result "1-0"]
[Round "06"]
[TimeControl "180+1"]
[Date "2022.11.23"]
[WhiteClock "0:00:10"]
[BlackClock "0:00:10"]

1. e4 c5 2. Nf3 g6 3. d4 cxd4 4. Nxd4 Nc6 5. Nb3 Bg7 6. Nc3 Nf6 7. f4 d6 8. Be2 O-O 9. Bf3 a6 10. O-O Be6 11. Kh1 Rc8 12. Be3 Bxb3 13. axb3 Nd7 14. Bg4 h5 15. Bh3 Nb4 16. e5 Rc6 17. e6 Nf6 18. exf7+ Kxf7 19. f5 gxf5 20. Rxf5 Ke8 21. Rxf6 exf6 22. Qxh5+ Rf7 23. Be6 Qe7 24. Bxf7+ Qxf7 25. Qe2 Kf8 26. Re1 f5 27. Bf4 Kg8 28. h3 a5 29. Rd1 Qg6 30. Nd5 Nxd5 31. Rxd5 Bxb2 32. c4 Bg7 33. Qe7 Bf8 34. Qe3 Rc5 35. Rd4 b5 36. Qd3 bxc4 37. bxc4 Rc6 38. Rd5 Rc5 39. Rd4 Rc6 40. g4 Qh7 41. gxf5 Qh4 42. Bh2 Qe1+ 43. Bg1 Bg7 44. Rg4 Qe5 45. Qd5+ Qxd5+ 46. cxd5 Rc1 47. f6 Kf7 48. fxg7 Kg8 49. Kg2 Ra1 50. Bd4 Rb1 51. Rh4 Kf7 52. Rh8 1-0


[Site "https://www.chess.com"]

[Event "Titled Tuesday Blitz November 22 Late 2022"]
[White "Czopor, Maciej"]
[Black "Ankerst, Mihael"]
[WhiteFideId "21805431"]
[BlackFideId "14602369"]
[WhiteElo "2324"]
[BlackElo "2386"]
[Result "0-1"]
[Round "06"]
[TimeControl "180+1"]
[Date "2022.11.23"]
[WhiteClock "0:00:04"]
[BlackClock "0:00:09"]

1. b3 a5 2. Nc3 d5 3. e3 e5 4. Nf3 e4 5. Nd4 Nf6 6. Bb2 Bd6 7. d3 Qe7 8. Ndb5 Bb4 9. a3 Bc5 10. Na4 c6 11. Bxf6 gxf6 12. d4 Ba7 13. Nxa7 Rxa7 14. c4 f5 15. cxd5 cxd5 16. Nb6 Be6 17. Bb5+ Nc6 18. O-O Rg8 19. g3 Qg5 20. Qc2 f4 21. Bxc6+ bxc6 22. Qxc6+ Kf8 23. exf4 Qxf4 24. Nxd5 Qf3 25. Qd6+ Kg7 26. Nf4 Rb7 27. Qe5+ Kf8 28. Nxe6+ fxe6 29. Rac1 Kf7 30. Rc6 Re7 31. d5 Rg5 32. dxe6+ Kg6 33. Qd6 Kf6 34. Qd4+ Re5 35. Rc5 Rxe6 36. Rxe5 Rxe5 37. Rc1 e3 38. Rc6+ Qxc6 39. f4 Qc1+ 40. Kg2 Qd2+ 41. Qxd2 exd2 42. fxe5+ Kxe5 43. Kf3 d1=Q+ 0-1


[Site "https://www.chess.com"]

[Event "Titled Tuesday Blitz November 22 Late 2022"]
[White "D`Arruda, Ricardo D."]
[Black "Kopylov, Alexander A."]
[WhiteFideId "100692"]
[BlackFideId "4164857"]
[WhiteElo "2522"]
[BlackElo "2436"]
[Result "0-1"]
[Round "06"]
[TimeControl "180+1"]
[Date "2022.11.23"]
[WhiteClock "0:00:03"]
[BlackClock "0:01:05"]

1. d4 Nf6 2. Nf3 e6 3. g3 b5 4. Bg2 Bb7 5. O-O c5 6. a4 b4 7. e3 a5 8. c4 cxd4 9. exd4 d5 10. c5 Nc6 11. Re1 Be7 12. h3 O-O 13. g4 Ne4 14. Nbd2 Bf6 15. Nb3 g6 16. Be3 Re8 17. Nfd2 e5 18. Nxe4 dxe4 19. d5 Nd4 20. c6 Qxd5 21. Nxd4 exd4 22. cxb7 Qxb7 23. Bf4 Rad8 24. Rc1 d3 25. Rc7 Qd5 26. Qd2 g5 27. Be3 h6 28. Rec1 Qb3 29. R1c6 Qxb2 30. Rb6 Qa1+ 31. Bf1 Bc3 32. Qc1 Qxc1 33. Bxc1 d2 34. Bxd2 Rxd2 35. Bc4 Rf8 36. Rxh6 Bd4 37. Rg6+ Kh7 38. Rxg5 Rxf2 39. Kh1 e3 40. Rf5 e2 41. Re7 Rxf5 42. gxf5 Rc8 43. Bxe2 b3 44. Rb7 b2 45. Bd3 Rc3 46. Be4 Re3 47. Bc2 Re1+ 48. Kg2 Re2+ 0-1


[Site "https://www.chess.com"]

[Event "Titled Tuesday Blitz November 22 Late 2022"]
[White "Daggupati, Balaji"]
[Black "Corrales Jimenez, Fidel"]
[WhiteFideId "2090759"]
[BlackFideId "3506690"]
[WhiteElo "2690"]
[BlackElo "2541"]
[Result "1-0"]
[Round "06"]
[TimeControl "180+1"]
[Date "2022.11.22"]
[WhiteClock "0:00:16"]
[BlackClock "0:00:36"]

1. e4 c5 2. Nf3 d6 3. d4 cxd4 4. Nxd4 Nf6 5. Nc3 a6 6. Qe2 e5 7. Nf5 d5 8. Bg5 d4 9. O-O-O Be6 10. Nd5 Nbd7 11. f4 Qa5 12. fxe5 Nxd5 13. exd5 Bxf5 14. e6 Qxa2 15. e7 f6 16. exf8=Q+ Kxf8 17. Bf4 Re8 18. Bd6+ Kf7 19. Qf3 Qa1+ 20. Kd2 Qa5+ 21. Kc1 Re1 22. Bc4 Rhe8 23. Rhxe1 Rxe1 24. Ba3 Be4 25. Qh5+ g6 26. d6+ Bd5 27. Qxd5+ Qxd5 28. Bxd5+ Kg7 29. Rxe1 Ne5 30. Rxe5 fxe5 31. d7 1-0


[Site "https://www.chess.com"]

[Event "Titled Tuesday Blitz November 22 Late 2022"]
[White "Deac, Bogdan-Daniel"]
[Black "Jobava, Baadur"]
[WhiteFideId "1226380"]
[BlackFideId "13601520"]
[WhiteElo "2648"]
[BlackElo "2582"]
[Result "1/2-1/2"]
[Round "06"]
[TimeControl "180+1"]
[Date "2022.11.22"]
[WhiteClock "0:00:08"]
[BlackClock "0:00:07"]

1. e4 e5 2. Nf3 Nf6 3. Nxe5 d6 4. Nd3 Nxe4 5. Qe2 Qe7 6. Nf4 Nf6 7. d4 Qxe2+ 8. Bxe2 d5 9. f3 Bd6 10. g4 c6 11. h4 O-O 12. h5 h6 13. c3 Re8 14. Kf2 Nbd7 15. Na3 Nh7 16. Nc2 Ndf8 17. Nh3 Bd7 18. Bf4 Bxf4 19. Nxf4 Re7 20. Bd3 Rae8 21. Rae1 Ng5 22. Rxe7 Rxe7 23. Ne3 Re8 24. a4 Nfe6 25. Nxe6 Nxe6 26. Bf5 Kf8 27. a5 Ke7 28. Re1 Kd8 29. Bxe6 Bxe6 30. Rg1 Ke7 31. Ng2 g5 32. hxg6 fxg6 33. Rh1 Rh8 34. Nf4 Bf7 35. Nd3 h5 36. Ne5 Be8 37. f4 Kf6 38. Kg3 Rh7 39. Re1 Rh8 40. g5+ Kg7 41. Nf3 Kf7 42. Ne5+ Kf8 43. a6 b6 44. b4 Rh7 45. Kh4 Rc7 46. Rf1 c5 47. bxc5 bxc5 48. f5 gxf5 49. Rxf5+ Kg7 50. g6 cxd4 51. cxd4 Rc1 52. Rxh5 Rd1 53. Kg5 Rg1+ 54. Kf5 Rxg6 55. Rg5 Rxg5+ 56. Kxg5 Bb5 57. Kf5 Bxa6 58. Nc6 Bd3+ 59. Ke5 a6 60. Kxd5 Kf8 61. Kd6 Bc4 62. Kc5 Bb3 63. Na5 Ba2 64. Nc4 Bxc4 65. Kxc4 Ke7 66. Kc5 Kd7 67. Kb6 Kd6 68. Kxa6 Kd5 69. Kb5 Kxd4 1/2-1/2


[Site "https://www.chess.com"]

[Event "Titled Tuesday Blitz November 22 Late 2022"]
[White "Doluhanova, Evgeniya"]
[Black "Clawitter, Craig"]
[WhiteFideId "14112035"]
[BlackFideId "2023105"]
[WhiteElo "2164"]
[BlackElo "2249"]
[Result "0-1"]
[Round "06"]
[TimeControl "180+1"]
[Date "2022.11.23"]
[WhiteClock "0:01:14"]
[BlackClock "0:00:14"]

1. e4 e6 2. Nf3 d5 3. exd5 exd5 4. d4 Bd6 5. Bd3 Nc6 6. Qe2+ Nge7 7. O-O Bg4 8. Bg5 Nxd4 9. Qe3 Nxf3+ 10. gxf3 Bh3 11. Re1 f6 12. Bh4 O-O 13. f4 Qd7 14. Nd2 Rae8 15. Qg3 Bf5 16. Nf1 c6 17. Ne3 Bxd3 18. cxd3 Nf5 19. Qg4 g6 20. Nxf5 Rxe1+ 21. Rxe1 Qxf5 22. Qxf5 gxf5 23. Re6 Bxf4 24. Bxf6 Kf7 25. Re7+ Kxf6 26. Rxb7 Rf7 27. Rb4 Bd6 28. Rh4 Kg5 29. Ra4 Rb7 30. b3 Bc5 31. Ra6 Bb6 32. Kg2 Re7 33. Kf3 Re6 34. a4 Rh6 35. a5 Bc5 36. Rxc6 Rxc6 0-1


[Site "https://www.chess.com"]

[Event "Titled Tuesday Blitz November 22 Late 2022"]
[White "Dudzinski, Pawel"]
[Black "Jeet, Jain"]
[WhiteFideId "1117890"]
[BlackFideId "5073022"]
[WhiteElo "2086"]
[BlackElo "2067"]
[Result "0-1"]
[Round "06"]
[TimeControl "180+1"]
[Date "2022.11.23"]
[WhiteClock "0:00:04"]
[BlackClock "0:00:37"]

1. e4 c6 2. d4 d5 3. exd5 cxd5 4. Bd3 Nf6 5. h3 Nc6 6. c3 g6 7. Nf3 Bf5 8. O-O Bxd3 9. Qxd3 Bg7 10. Re1 O-O 11. Bf4 Ne4 12. Nbd2 f5 13. Ne5 Nxe5 14. Bxe5 Bxe5 15. dxe5 e6 16. Nb3 Qc7 17. f3 Ng3 18. Nd4 Rae8 19. Kh2 f4 20. Nb5 Qe7 21. Nd6 Rb8 22. c4 dxc4 23. Qxc4 Nf5 24. Qxf4 Nxd6 25. exd6 Rxf4 26. dxe7 Kf7 27. Rac1 Re8 28. Red1 Rxe7 29. Rd8 Rb4 30. b3 e5 31. Rcc8 e4 32. Rf8+ Ke6 33. fxe4 Rxe4 34. Rfe8 Rxe8 35. Rxe8+ Kd5 36. Rd8+ Kc6 37. Rc8+ Kb6 38. Rh8 Re7 39. Kg3 Kb5 40. a3 Re3+ 41. Kf4 Rxb3 42. Rxh7 Ka4 43. g4 Kxa3 44. h4 a5 45. Kg5 Rb6 46. Rh8 a4 47. Rd8 Rc6 48. Rd7 b5 49. h5 gxh5 50. gxh5 b4 51. h6 b3 52. h7 Rc8 53. Rg7 Rh8 54. Kh6 b2 55. Rb7 Ka2 56. Kg7 Rxh7+ 57. Kxh7 b1=Q+ 58. Rxb1 Kxb1 0-1


[Site "https://www.chess.com"]

[Event "Titled Tuesday Blitz November 22 Late 2022"]
[White "Dylag, Emilia"]
[Black "Pakleza, Zbigniew"]
[WhiteFideId "21805172"]
[BlackFideId "1119290"]
[WhiteElo "1878"]
[BlackElo "2411"]
[Result "0-1"]
[Round "06"]
[TimeControl "180+1"]
[Date "2022.11.22"]
[WhiteClock "0:00:02"]
[BlackClock "0:00:15"]

1. d4 d6 2. Nf3 Bg4 3. e4 Nf6 4. Bd3 e6 5. Nbd2 Be7 6. O-O O-O 7. h3 Bh5 8. Re1 d5 9. e5 Nfd7 10. Qe2 c5 11. c3 Nc6 12. g4 Bg6 13. Nf1 Rc8 14. Bd2 Qb6 15. Be3 cxd4 16. cxd4 Bxd3 17. Qxd3 Nb4 18. Qe2 Nc2 19. Ng3 Nxa1 20. Rxa1 Qa6 21. Qd2 Qc4 22. Nh5 Qc2 23. Qe1 Rc6 24. Rc1 Qe4 25. Nd2 Qd3 26. Rd1 Rfc8 27. Nf3 Qe4 28. Nd2 Qc2 29. Nf3 h6 30. Kh2 Nb6 31. Rc1 Qe4 32. Rxc6 Rxc6 33. Nd2 Qd3 34. Nf3 Nc4 35. g5 Nxe3 36. fxe3 Rc2+ 37. Kh1 Qe4 38. Qg3 hxg5 39. h4 g4 0-1


[Site "https://www.chess.com"]